 Dungeon Crawl Stone Soup version 0.20.1-1-g8b1a95d (webtiles) character file.

105 vishdafish the Charmwright (level 4, 0/33 HPs)
             Began as a Demonspawn Skald on July 3, 2017.
             Slain by a leopard gecko (2 damage)
             ... on level 4 of the Dungeon.
             The game lasted 00:03:53 (2509 turns).

vishdafish the Charmwright (Demonspawn Skald)       Turns: 2509, Time: 00:03:54

Health: 0/33       AC:  6    Str: 12    XL:     4   Next: 54%
Magic:  0/7        EV: 12    Int: 18    God:
Gold:   108        SH:  0    Dex: 12    Spells: 6/7 levels left

rFire    . . .     SeeInvis .   a - +1 spear
rCold    . . .     Gourm    .   (no shield)
rNeg     . . .     Faith    .   b - +0 leather armour
rPois    .         Spirit   +   (no helmet)
rElec    .         Reflect  .   (no cloak)
rCorr    .         Harm     .   (no gloves)
MR       .....                  q - +0 pair of boots
Stlth    ++........             n - amulet of magic regeneration
Regen    0.2/turn               h - +3 ring of intelligence
MPRegen  0.2/turn               u - ring of stealth

@: no status effects
A: slimy green scales 1, magic shield
a: no special abilities


You were on level 4 of the Dungeon.
You were not hungry.

You visited 1 branch of the dungeon, and saw 4 of its levels.

You collected 108 gold pieces.

Inventory:

Hand Weapons
 a - a +1 spear (weapon)
Armour
 b - a +0 leather armour (worn)
 q - a +0 pair of boots (worn)
Jewellery
 h - a +3 ring of intelligence (left hand)
 n - an amulet of magic regeneration (around neck)
 u - a ring of stealth (right hand)
Scrolls
 f - a scroll of identify
 l - a scroll of enchant weapon
Potions
 e - 2 potions of curing
 i - a potion of lignification {unknown}
 o - a potion of mutation {unknown}
 s - a potion of might {unknown}
 v - a potion of ambrosia {unknown}
Books
 c - a book of Battle

   Spells                             Type                      Level
   a - Infusion                       Charms                       1
   b - Shroud of Golubria             Charms/Translocation         2
   c - Song of Slaying                Charms                       2
   d - Spectral Weapon                Hexes/Charms                 3
   e - Regeneration                   Charms/Necromancy            3
Comestibles
 d - 4 bread rations
 g - 3 fruits
 j - 3 meat rations
 m - a royal jelly
 t - a chunk of flesh


   Skills:
 + Level 2.2 Fighting
 + Level 2.4 Polearms
 + Level 2.0 Armour
 + Level 2.3 Dodging
 + Level 0.4 Stealth
 + Level 2.2 Spellcasting
 + Level 3.2 Charms


You had 6 spell levels left.
You knew the following spells:

 Your Spells              Type           Power        Failure   Level  Hunger
a - Infusion              Chrm           ##..         6%          1    #......


Dungeon Overview and Level Annotations

Branches:
Dungeon (4/15)
 Temple: D:4-7

Altars:

Annotations:
D:4 Frank's ghost, novice GrFi; Sigmund


Innate Abilities, Weirdness & Mutations

You are partially covered in slimy green scales. (AC +2)
When hurt, damage is shared between your health and your magic reserves.


Message History

You hear a loud clanging noise!
It was a scroll of noise.
Sigmund shouts!
You hear an angry hiss.
The leopard gecko closely misses you. The orc barely misses you.
Sigmund misses you.
As you read the scroll labeled ELEANG TONN, it crumbles to dust.
You feel blessed for a moment.
It was a scroll of remove curse.
The leopard gecko barely misses you.
As you read the scroll labeled SYNTUDD ZODESHUGG, it crumbles to dust.
The dust glows pulsating brown!
It was a scroll of random uselessness.
The leopard gecko barely misses you. The orc hits you with a war axe!
* * * LOW HITPOINT WARNING * * *
Sigmund gestures wildly while chanting.
Sigmund flickers and vanishes!
Deactivating autopickup; reactivate with Ctrl-A.
As you read the scroll labeled ACYOSSILIR, it crumbles to dust.
It is a scroll of identify.
e - 2 potions of curing The leopard gecko bites you.
You die...

## .##
..#
#.#
#l#
#@#
#o.#
.#{#
.. .#
... ..
....
##.
.....
.
#.....
#


You could see an orc and a leopard gecko.

Vanquished Creatures
  An adder (D:2)
  3 worms (D:2)
  A dart slug (D:1)
  2 leopard geckos
  9 orcs (D:3)
  10 bats
  A giant cockroach (D:3)
  4 goblins
  7 hobgoblins
  4 jackals
  5 kobolds
  A quokka (D:3)
  2 ball pythons
  4 frilled lizards
  23 rats
77 creatures vanquished.

Notes
Turn   | Place    | Note
-------+----------+-------------------------------------------
     0 | D:1      | vishdafish the Demonspawn Skald began the quest for the Orb.
     0 | D:1      | Reached XP level 1. HP: 16/16 MP: 3/3
   179 | D:1      | Reached skill level 1 in Armour
   250 | D:1      | Gained mutation: When hurt, damage is shared between your health and your magic reserves. [demonic ancestry]
   250 | D:1      | Reached XP level 2. HP: 13/22 MP: 5/5
   273 | D:1      | Reached skill level 3 in Charms
   795 | D:1      | Gained mutation: You are partially covered in slimy green scales. (AC +2) [demonic ancestry]
   795 | D:1      | Reached XP level 3. HP: 27/27 MP: 6/6
  1645 | D:2      | Reached XP level 4. HP: 33/33 MP: 7/7
  2504 | D:4      | Noticed Sigmund
  2504 | D:4      | Noticed Frank's ghost (novice GrFi)
  2509 | D:4      | Slain by a leopard gecko

Skill      XL: |  1  2  3  4 |
---------------+-------------+-----
Armour         | 1 2 |  2.0
Charms         | 3 |  3.2
Dodging        | 2 |  2.3
Polearms       | 2 |  2.4
Fighting       | |  2.2
Stealth        | |  0.4
Spellcasting   | |  2.2

Action                   |  1- 3 |  4- 6 || total
-------------------------+-------+-------++-------
Melee: Spear             |   231 |   136 ||   367
  Use: Scroll            |       |     5 ||     5
 Stab: Sleeping          |       |     1 ||     1
  Eat: Chunk             |     2 |     4 ||     6
Armor: Leather armour    |    60 |    50 ||   110
Dodge: Dodged            |   129 |   100 ||   229
